 Dungeon Crawl Stone Soup version 0.18.1-48-g4cf74bf (webtiles) character file.

2570 Heedrag the Destroyer (level 9, -14/44 HPs)
             Began as a Deep Elf Conjurer on Aug 14, 2016.
             Was a Follower of Vehumet.
             Demolished by Xelenos's ghost (16 damage)
             ... in a bailey.
             The game lasted 00:17:44 (6905 turns).

Heedrag the Destroyer (Deep Elf Conjurer)           Turns: 6905, Time: 00:17:45

Health: -14/44     AC:  7    Str:  8    XL:     9   Next: 32%
Magic:  3/23       EV: 17    Int: 21    God:    Vehumet [*.....]
Gold:   367        SH:  0    Dex: 15    Spells: 3 memorised, 14 levels left

rFire  . . .     SeeInvis .     z - staff of wizardry
rCold  . . .     Gourm    .     a - +0 robe
rNeg   + . .     Faith    .     (no shield)
rPois  +         Spirit   .     o - +0 helmet
rElec  .         Dismiss  .     q - +2 cloak
rCorr  .         Reflect  .     (no gloves)
SustAt .         Harm     .     G - +0 pair of boots
MR     .....                    (no amulet)
Stlth  ++........               E - ring of positive energy
                                v - +1 ring of evasion

@: not resistant to hostile enchantments, unstealthy
A: repulsion field 1, deterioration 1, frail 1, poison resistance
a: Renounce Religion


You were in a bailey.
You worshipped Vehumet.
Vehumet was aware of your devotion.
You were hungry.

You visited 2 branches of the dungeon, and saw 8 of its levels.
You also visited: Bailey.

You collected 367 gold pieces.

Inventory:

Hand Weapons
 w - a +3 quarterstaff of chaos
 x - a +0 blowgun
 D - a +2 trident of protection
Missiles
 y - 3 needles of paralysis
 A - 2 curare-tipped needles
 C - 16 poisoned needles
Armour
 a - a +0 robe (worn)
 o - a +0 helmet (worn)
 q - a +2 cloak (worn)
 G - a +0 pair of boots (worn)
Magical Staves
 z - an uncursed staff of wizardry (weapon)
Jewellery
 h - a +3 ring of dexterity
 s - an uncursed ring of sustain attributes
 v - a +1 ring of evasion (left hand)
 E - a ring of positive energy (right hand)
Wands
 f - a wand of paralysis (12/24)
Scrolls
 g - 4 scrolls of teleportation {unknown}
 j - 5 scrolls of identify {unknown}
 k - a scroll of recharging {unknown}
 m - 7 scrolls of remove curse
 B - a scroll of fog {unknown}
Potions
 d - a potion of heal wounds {unknown}
 e - 4 potions of curing {unknown}
 i - a potion of beneficial mutation {unknown}
 l - a potion of magic {unknown}
 p - a potion of flight {unknown}
 u - 3 potions of might {unknown}
 H - a potion of brilliance {unknown}
Books
 b - a book of Conjurations

   Spells                             Type                      Level
   a - Magic Dart                     Conjuration                  1
   b - Searing Ray                    Conjuration                  2
   c - Dazzling Spray                 Conjuration/Hexes            3
   d - Fulminant Prism                Conjuration/Hexes            4
   e - Iskenderun's Mystic Blast      Conjuration                  4
   f - Iskenderun's Battlesphere      Conjuration/Charms           5
Comestibles
 c - 4 bread rations
 n - a slice of pizza
 r - a beef jerky
 t - 4 meat rations
 F - a royal jelly
 I - a chunk of flesh


   Skills:
 + Level 2.5 Fighting
 + Level 4.8 Dodging
 - Level 2.4 Stealth
 + Level 8.2 Spellcasting
 * Level 10.4 Conjurations
 + Level 7.2 Charms


You had 14 spell levels left.
You knew the following spells:

 Your Spells              Type           Power        Failure   Level  Hunger
a - Magic Dart            Conj           ####         1%          1    None
b - Iskenderun's Mystic   Conj           ######..     1%          4    ###....
c - Iskenderun's Battles  Conj/Chrm      #####...     3%          5    #####..


Dungeon Overview and Level Annotations

Branches:
Dungeon (7/15)             Temple (1/1) D:5

Altars:
Ashenzari
Cheibriados
Dithmenos
Elyvilon
Fedhas
Gozag
Kikubaaqudgha
Makhleb
Nemelex Xobeh
Okawaru
Pakellas
Qazlal
Ru
Sif Muna
Trog
Vehumet
Xom
Zin
The Shining One

Annotations:
Bailey Xelenos's ghost, novice MiFi


Innate Abilities, Weirdness & Mutations

You are surrounded by a mild repulsion field (EV +2).
Your body sometimes deteriorates upon taking damage.
You are frail (-10% HP).
Your system is resistant to poisons.


Message History

Tha orb o' energy hits Xelenos's ghost.
Xelenos's ghost be lightly damaged.
Ye be feelin' hungry.
Yer battlesphere fires!
Tha barrage o' energy hits Xelenos's ghost.
Xelenos's ghost be lightly damaged.
Xelenos's ghost hits ye but does nay damage.
Tha goblin barely misses ye.
Castin': Iskenderun's Mestic Blast Confirm wit' . or Enter, or press ? or * ta list all spells.
Aimin': Iskenderun's Mestic Blast
Press: ? - help, Shift-Dir - straight line, f/p - Xelenos's ghost
Aim: Xelenos's ghost (lightly damaged) Tha orb o' energy hits Xelenos's ghost.
Xelenos's ghost be heavily damaged.
Yer battlesphere fires!
Tha barrage o' energy hits Xelenos's ghost.
Xelenos's ghost be heavily damaged.
Xelenos's ghost hits ye!
Ye die...

♣♣♣♣♣
♣♣♣♣♣♣.∩.♣♣♣♣♣♣♣
≈≈≈....(....≈≈≈≈
≈≈≈....∩..*.≈≈≈≈
###.........####
..##..(@...##...
...##.gW..##....
8...##'''##...8.
.....(...)......
................
8.............8.
................
..####...####...
.##≈g#####≈≈##..


You could see Xelenos's ghost, a goblin and a friendly battlesphere.

Vanquished Creatures
  Sigmund (D:6)
  Eustachio (D:4)
  Edmund (D:6)
  A water moccasin (D:5)
  A sky beast (D:5)
  A black bear (D:6)
  2 ogres
  A phantom (D:4)
  An ice beast (D:5)
  3 centaurs
  2 giant frogs
  2 howler monkeys
  5 crimson imps
  A jelly (D:6)
  3 hounds
  2 orc priests (D:4)
  Crazy Yiuf (D:6)
  4 iguanas
  3 orc wizards
  Natasha (thrice) (D:2)
  4 worker ants
  3 hound skeletons
  A worker ant zombie (D:6)
  7 gnolls
  11 adders
  2 oozes
  An adder skeleton (D:4)
  4 worms
  4 dart slugs
  3 giant geckos
  17 orcs
  4 bats
  3 giant cockroaches
  6 hobgoblins
  4 jackals (D:5)
  12 kobolds
  2 quokkas
  2 ball pythons
  A ball python skeleton (D:4)
  A giant gecko skeleton (D:6)
  8 giant newts
  6 goblins
  A jackal skeleton (D:4)
  A jackal zombie (D:7)
  10 rats
157 creatures vanquished.

Notes
Turn   | Place    | Note
--------------------------------------------------------------
     0 | D:1      | Heedrag the Deep Elf Conjurer began the quest for the Orb.
     0 | D:1      | Reached XP level 1. HP: 10/10 MP: 6/6
   228 | D:1      | Reached XP level 2. HP: 15/15 MP: 4/8
   498 | D:1      | Reached skill level 5 in Conjurations
   855 | D:2      | Reached XP level 3. HP: 19/19 MP: 0/9
  1080 | D:2      | Found a snail-covered altar of Cheibriados.
  1100 | D:2      | Noticed Natasha
  1328 | D:2      | Killed Natasha
  1328 | D:2      | Reached XP level 4. HP: 9/24 MP: 4/11
  1498 | D:2      | Learned a level 4 spell: Iskenderun's Mystic Blast
  1863 | D:2      | Noticed Natasha
  1867 | D:2      | Killed Natasha
  1867 | D:2      | Reached skill level 6 in Conjurations
  1872 | D:2      | Found a snail-covered altar of Cheibriados.
  1888 | D:2      | Noticed Natasha
  1891 | D:2      | Killed Natasha
  1952 | D:3      | Reached XP level 5. HP: 21/28 MP: 3/13
  2679 | D:4      | Learned a level 5 spell: Iskenderun's Battlesphere
  2708 | D:4      | Reached skill level 1 in Charms
  2712 | D:4      | Noticed Eustachio
  2911 | D:4      | Noticed a phantom
  2921 | D:4      | Reached skill level 5 in Spellcasting
  2921 | D:4      | Reached skill level 7 in Conjurations
  2982 | D:4      | Reached XP level 6. HP: 32/32 MP: 4/15
  3276 | D:4      | Killed Eustachio
  3276 | D:4      | Reached XP level 7. HP: 32/36 MP: 4/17
  3371 | D:4      | Reached skill level 8 in Conjurations
  4256 | D:5      | Entered Level 5 of the Dungeon
  4260 | D:5      | Found a sacrificial altar of Ru.
  4310 | D:5      | Reached skill level 5 in Charms
  4315 | D:5      | Gained mutation: You are surrounded by a mild repulsion field (EV +2). [mutagenic meat]
  4316 | D:5      | Gained mutation: Your system is resistant to poisons. [mutagenic meat]
  4317 | D:5      | Gained mutation: Your body sometimes deteriorates upon taking damage. [mutagenic meat]
  4318 | D:5      | Gained mutation: You are frail (-10% HP). [mutagenic meat]
  4350 | D:5      | Reached skill level 9 in Conjurations
  4350 | D:5      | Reached XP level 8. HP: 27/36 MP: 0/20
  4595 | D:5      | Found a staircase to the Ecumenical Temple.
  4656 | Temple   | Entered the Ecumenical Temple
  4755 | Temple   | Became a worshipper of Vehumet
  5272 | D:5      | Reached skill level 1 in Fighting
  5789 | D:6      | Reached skill level 10 in Conjurations
  5927 | D:6      | Noticed Sigmund
  5930 | D:6      | Killed Sigmund
  5930 | D:6      | Reached XP level 9. HP: 43/43 MP: 12/22
  6073 | D:6      | Reached * piety under Vehumet
  6073 | D:6      | Offered knowledge of Shock by Vehumet.
  6280 | D:6      | Noticed Edmund
  6287 | D:6      | Killed Edmund
  6551 | D:6      | Noticed Crazy Yiuf
  6554 | D:6      | Killed Crazy Yiuf
  6601 | D:6      | Found a burning altar of Makhleb.
  6736 | D:7      | Found a flagged portal.
  6808 | Bailey   | Entered a bailey
  6887 | Bailey   | Noticed an orc warlord
  6890 | Bailey   | Noticed Xelenos's ghost (novice MiFi)
  6902 | Bailey   | HP: 2/44 [Xelenos's ghost (18)]
  6905 | Bailey   | Demolished by Xelenos's ghost

Skill      XL: |  1  2  3  4  5  6  7  8  9 |
---------------+----------------------------+-----
Conjurations   | 5 6 7 9 10 | 10.4
Spellcasting   | 4 5 6 7 8 |  8.2
Charms         | 2 3 5 6 7 |  7.2
Fighting       | 2 |  2.5
Dodging        | 4 |  4.8
Stealth        | |  2.4

Action                   |  1- 3 |  4- 6 |  7- 9 || total
-------------------------+-------+-------+-------++-------
Melee: Spear             |     6 |       |       ||     6
 Fire: Blowgun           |       |    31 |     7 ||    38
 Cast: Magic Dart        |    65 |   143 |   228 ||   436
       Iskenderun's Batt |       |       |    24 ||    24
       Iskenderun's Myst |       |       |     9 ||     9
  Use: Scroll            |       |       |     1 ||     1
  Eat: Chunk             |     1 |     6 |    22 ||    29
Armor: Robe              |     4 |    16 |    12 ||    32
Dodge: Dodged            |     9 |    68 |    64 ||   141
